 Dungeon Crawl Stone Soup version 0.21.1-1-g345015f (webtiles) character file.

1895 Amnesiac the Thaumaturge (level 8, -2/58 HPs)
             Began as a Mummy Necromancer on Mar 12, 2018.
             Was a Priest of Sif Muna.
             Slain by aMcNicky's ghost (5 damage)
             ... on level 5 of the Dungeon on Mar 13, 2018.
             The game lasted 00:14:54 (6767 turns).

Amnesiac the Thaumaturge (Mummy Necromancer)        Turns: 6767, Time: 00:14:55

Health: -2/58      AC:  8    Str: 11      XL:     8   Next: 93%
Magic:  12/20      EV: 11    Int: 16      God:    Sif Muna [***...]
Gold:   257        SH:  4    Dex: 11 (13) Spells: 11/24 levels left

rFire    + . .     SeeInvis .   j - +2 short sword (venom)
rCold    + + .     Gourm    .   a - +0 buckler
rNeg     + + +     Faith    .   l - +1 ring mail {rF+}
rPois    ∞         Spirit   .   (no helmet)
rElec    .         Reflect  .   m - +0 cloak
rCorr    .         Harm     .   q - +0 pair of gloves
MR       +....                  (no boots)
Stlth    +.........             (no amulet)
HPRegen  0.19/turn              c - ring of protection from fire
MPRegen  0.17/turn              h - ring of protection from cold

@: very slightly contaminated, divine energy
A: no food or potions, fire vulnerability, cold resistance 1, negative energy
resistance 3, torment resistance, unbreathing
a: Stop Divine Energy, Channel Magic, Renounce Religion


You were on level 5 of the Dungeon.
You worshipped Sif Muna.
Sif Muna was most pleased with you.
You were not hungry.

You visited 1 branch of the dungeon, and saw 6 of its levels.
You also visited: Ossuary.

You collected 257 gold pieces.

Inventory:

Hand Weapons
 j - a +2 short sword of venom (weapon)
Armour
 a - a +0 buckler (worn)
 l - a +1 ring mail of fire resistance (worn)
 m - a +0 cloak (worn)
 q - a +0 pair of gloves (worn)
Jewellery
 c - a ring of protection from fire (left hand)
 h - a ring of protection from cold (right hand)
Scrolls
 d - 3 scrolls of amnesia {!r}
 e - 10 scrolls of remove curse {!r}
 g - 2 scrolls of teleportation {!r}
 i - 2 scrolls of enchant armour {!r}
 k - 2 scrolls of fog {!r}
 n - 2 scrolls of immolation {!r}
 r - a scroll of blinking {!r}
 s - 2 scrolls of enchant weapon {!r}
 t - a scroll of magic mapping {!r}
Books
 b - a book of Necromancy

   Spells                             Type                      Level
   a - Pain                           Necromancy                   1
   b - Animate Skeleton               Necromancy                   1
   c - Vampiric Draining              Necromancy                   3
   d - Regeneration                   Charms/Necromancy            3
   e - Animate Dead                   Necromancy                   4
   f - Borgnjor's Vile Clutch         Necromancy/Earth             5
 o - a book of Maledictions

   Spells                             Type                      Level
   a - Corona                         Hexes                        1
   b - Ensorcelled Hibernation        Hexes/Ice                    2
   c - Confuse                        Hexes                        3
   d - Tukima's Dance                 Hexes                        3
   e - Dazzling Spray                 Conjuration/Hexes            3
 p - Kikubaaqudgha's Catalogue of Sinister Secrets
   (You found it on level 4 of the Dungeon)

   Spells                             Type                      Level
   a - Animate Skeleton               Necromancy                   1


   Skills:
 - Level 3.1 Fighting
 - Level 3.0 Dodging
 - Level 1.5 Stealth
 - Level 3.0 Shields
 + Level 8.6 Spellcasting
 - Level 8.0 Necromancy
 - Level 1.0 Earth Magic


You had 11 spell levels left.
You knew the following spells:

 Your Spells              Type           Power        Failure   Level  Hunger
a - Pain                  Necr           ####         1%          1    N/A
b - Animate Dead          Necr           N/A          11%         4    N/A
d - Vampiric Draining     Necr           ####......   3%          3    N/A
e - Borgnjor's Vile Clut  Necr/Erth      ###.......   77%         5    N/A

Dungeon Overview and Level Annotations

Branches:
Dungeon (6/15)
 Temple: D:4-7

Altars:
Cheibriados
Fedhas
Gozag
Hepliaklqana
Kikubaaqudgha
Nemelex Xobeh
Okawaru
Ru
Sif Muna
Vehumet
Zin

Shops:
D:6 (

Annotations:
D:3 Serooblart's ghost, amateur MiFi
D:5 aMcNicky's ghost, novice OgBe
D:6 aMcNicky's ghost, novice OgFi


Innate Abilities, Weirdness & Mutations

You do not eat or drink.
Your flesh is vulnerable to fire.
You are immune to poison.
Your flesh is cold resistant. (rC+)
You are immune to negative energy. (rN+++)
You are immune to unholy pain and torment.
You can survive without breathing.


Message History

The spell is very dangerous to cast!
Continue anyway? [Y]es or [N]o only, please.
The spell is very dangerous to cast!
Continue anyway?
Aiming: Borgnjor's Vile Clutch
Press: ? - help, Dir - move target cursor, f/p - orc warrior
Aim: an orc warrior, wielding a trident and wearing a chain mail (moderately wounded)
You miscast Borgnjor's Vile Clutch.
You are very lightly contaminated with residual magic.
You feel weird for a moment.
The orc warrior hits you from afar with a trident!
* * * LOW HITPOINT WARNING * * *
Casting: Borgnjor's Vile Clutch
Confirm with . or Enter, or press ? or * to list all spells.
The spell is very dangerous to cast!
Continue anyway? [Y]es or [N]o only, please.
The spell is very dangerous to cast!
Continue anyway?
Aiming: Borgnjor's Vile Clutch
Press: ? - help, Dir - move target cursor, f/p - orc warrior
Aim: an orc warrior, wielding a trident and wearing a chain mail (moderately wounded)
You miscast Borgnjor's Vile Clutch.
Sif Muna protects you from the effects of your miscast!
The orc warrior hits you from afar with a trident!
* * * LOW HITPOINT WARNING * * *
Things that are here:
a leather armour; a club You see here a club.
The leopard gecko hisses angrily.
The orc warrior misses you. You block the leopard gecko's attack.
You block the leopard gecko's attack. You block the leopard gecko's attack.
The leopard gecko bites you but does no damage.
There is a stone staircase leading up here.
Things that are here:
2 scrolls of noise {!r}; a -2 ring of protection The leopard gecko barely misses you.
You climb upwards.
Level annotation: aMcNicky's ghost, novice OgBe AMcNicky's ghost hits you.
* * * LOW HITPOINT WARNING * * *
AMcNicky's ghost hits you.
* * * LOW HITPOINT WARNING * * *
There is a stone staircase leading down here.
You barely miss the leopard gecko.
The leopard gecko bites you but does no damage.
AMcNicky's ghost barely misses you.
You barely miss the leopard gecko. You block the leopard gecko's attack.
AMcNicky's ghost hits you but does no damage.
You miss the leopard gecko. The leopard gecko bites you.
* * * LOW HITPOINT WARNING * * *
AMcNicky's ghost hits you!
* * * LOW HITPOINT WARNING * * *
The leopard gecko barely misses you.
You barely miss the leopard gecko.
AMcNicky's ghost hits you but does no damage.
The leopard gecko bites you.
* * * LOW HITPOINT WARNING * * *
You hit the leopard gecko.
You kill the leopard gecko!
Sif Muna accepts your kill. AMcNicky's ghost hits you.
* * * LOW HITPOINT WARNING * * *
AMcNicky's ghost hits you.
You die...

#.# #####....# #....W.... #.#
#.#.## #..####### #.#### #.#.#
#W.)..# .>W..# #.#.# #.###.####
####.# #.#.# #.........
####.############.#.####......###
.........##..........W..####..# #
.#######.##.#####.#.###.## #..# #
.# #.##.# #>@...##.#.###..# # .#
#.##.###W#.###.###.##..### .#
#........#....## ##....... .#
#.##.###.#####.###.##..#<. .#
#.##.##...#####.#.###..#.#
.#######.##.............## #.....
.........#####....#####.# #.##.#
##.#............#.# #.# #.##.#
#.#.##########.#.# #.# #.##.#


You could see aMcNicky's ghost.

Vanquished Creatures
  Menkaure (Ossuary)
  An orc warrior (D:6)
  An ice beast (D:6)
  A sky beast (D:5)
  A black bear (D:5)
  3 ogres
  An elf zombie (Ossuary)
  A scorpion (D:5)
  3 killer bees (D:4)
  5 wights (D:6)
  A crimson imp (D:6)
  2 human zombies (Ossuary)
  Crazy Yiuf (D:2)
  A centaur skeleton (D:4)
  3 centaur zombies (Ossuary)
  3 orc priests
  Terence (D:2)
  2 worker ants (D:6)
  2 ogre zombies (Ossuary)
  5 mummies (Ossuary)
  6 adders
  A howler monkey skeleton (D:4)
  An ooze (D:6)
  2 adder zombies (Ossuary)
  An adder skeleton (D:6)
  A worm (D:3)
  3 dart slugs
  6 leopard geckos
  9 orcs
  6 giant cockroaches
  5 goblins
  4 hobgoblins
  3 jackals
  10 kobolds
  A quokka (D:3)
  4 ball pythons
  7 bats
  5 frilled lizards
  2 gnoll zombies (Ossuary)
  2 goblin zombies (Ossuary)
  5 hobgoblin zombies (Ossuary)
  2 kobold zombies (Ossuary)
  A leopard gecko skeleton (D:4)
  An orc zombie (Ossuary)
  5 quokka zombies (Ossuary)
  9 rats
  3 rat zombies (Ossuary)
144 creatures vanquished.

Notes
Turn   | Place    | Note
-------+----------+-------------------------------------------
     0 | D:1      | Amnesiac the Mummy Necromancer began the quest for the Orb.
     0 | D:1      | Reached XP level 1. HP: 13/13 MP: 4/4
   150 | D:1      | Reached XP level 2. HP: 9/20 MP: 5/5
   737 | D:1      | Reached skill level 1 in Fighting
  1067 | D:2      | Reached XP level 3. HP: 26/26 MP: 7/7
  1072 | D:2      | Learned a level 3 spell: Vampiric Draining
  1231 | D:2      | Found a runed door.
  1266 | D:2      | Noticed Terence
  1278 | D:2      | Killed Terence
  1311 | D:2      | Found a blossoming altar of Fedhas.
  1454 | D:2      | Reached XP level 4. HP: 28/32 MP: 8/8
  1608 | D:2      | Noticed Crazy Yiuf
  1613 | D:2      | Killed Crazy Yiuf
  1613 | D:2      | Reached skill level 1 in Shields
  1816 | D:3      | Noticed Serooblart's ghost (amateur MiFi)
  1963 | D:3      | Found a snail-covered altar of Cheibriados.
  2110 | D:3      | Reached XP level 5. HP: 37/37 MP: 9/9
  2514 | D:4      | Reached XP level 6. HP: 34/44 MP: 10/10
  2515 | D:4      | Found an ancient bone altar of Kikubaaqudgha.
  2517 | D:4      | Found a deep blue altar of Sif Muna.
  2519 | D:4      | Found a radiant altar of Vehumet.
  2521 | D:4      | Identified Kikubaaqudgha's Catalogue of Sinister Secrets
  2530 | D:4      | Became a worshipper of Sif Muna the Loreminder
  2793 | D:4      | Found a glowing silver altar of Zin.
  3017 | D:5      | Entered Level 5 of the Dungeon
  3030 | D:5      | Noticed aMcNicky's ghost (novice OgBe)
  3129 | D:5      | Reached skill level 5 in Necromancy
  3140 | D:5      | Reached XP level 7. HP: 46/51 MP: 12/12
  3158 | D:5      | Found a hazy altar of Hepliaklqana.
  3392 | D:6      | Reached * piety under Sif Muna
  3447 | D:6      | Found an opulent altar of Gozag.
  3549 | D:6      | Noticed aMcNicky's ghost (novice OgFi)
  3554 | D:6      | Found Luutuek's Weapon Emporium.
  3598 | D:6      | Found a sand-covered staircase.
  3735 | Ossuary  | Entered an ossuary
  3961 | Ossuary  | Learned a level 5 spell: Borgnjor's Vile Clutch
  4021 | Ossuary  | Reached skill level 1 in Earth Magic
  4178 | Ossuary  | Reached skill level 5 in Spellcasting
  4346 | Ossuary  | Noticed Menkaure
  4411 | Ossuary  | Killed Menkaure
  4411 | Ossuary  | Reached XP level 8. HP: 5/58 MP: 14/16
  5021 | Ossuary  | Reached ** piety under Sif Muna
  5984 | D:5      | Found a sparkling altar of Nemelex Xobeh.
  5987 | D:5      | Found an iron altar of Okawaru.
  5990 | D:5      | Found a sacrificial altar of Ru.
  6104 | D:6      | Learned a level 4 spell: Animate Dead
  6365 | D:6      | Reached *** piety under Sif Muna
  6766 | D:5      | HP: 2/58 [aMcNicky's ghost (2)]
  6767 | D:5      | Slain by aMcNicky's ghost

Skill      XL: |  1  2  3  4  5  6  7  8 |
---------------+-------------------------+-----
Spellcasting   | 3 5 8 |  8.6
Fighting       | 1 2 3 |  3.1
Dodging        | 2 3 |  3.0
Shields        | 2 3 |  3.0
Necromancy     | 5 7 8 |  8.0
Earth Magic    | 1 |  1.0
Stealth        | |  1.5

Action                   |  1- 3 |  4- 6 |  7- 9 || total
-------------------------+-------+-------+-------++-------
Melee: Short sword       |    74 |   134 |   463 ||   671
       Unarmed           |     2 |       |       ||     2
 Cast: Pain              |     8 |     2 |       ||    10
       Vampiric Draining |       |     3 |     5 ||     8
       Borgnjor's Vile C |       |       |     3 ||     3
Invok: Divine Energy     |       |       |     1 ||     1
  Use: Scroll            |       |     5 |     8 ||    13
 Stab: Sleeping          |     4 |       |     2 ||     6
Armor: Robe              |    16 |       |       ||    16
       Ring mail         |     8 |    55 |   105 ||   168
Dodge: Dodged            |    58 |    67 |   178 ||   303
Block: Buckler           |       |    28 |    94 ||   122
